Workbook

Sheet MEMÓRIA DE CÁLCULO
A7: =ORÇAMENTO!A8 -> OBRA: ESCOLA MUNICIPAL DE ENSINO FUNDAMENTAL INDEPENDÊNCIA I.
A8: =ORÇAMENTO!A9 -> LOCAL DA OBRA: MARGEM ESQUERDA DO RIO TAPAJÓS, COMUNIDADE INDEPENDÊNCIA I.
A9: Município: ITAITUBA - PARÁ
A10: MEMÓRIA DE CÁLCULO
A11: 1.0 | B11: SERVIÇOS PRELIMINARES:
A12: 1.1 | B12: PLACA DA OBRA EM LONA COM PLOTAGEM GRÁFICA -> ( 2,80m x 2,20m) | C12: m² | D12: 6.16
B13: Total | C13: m² | D13: =SUM(D12) -> 6.16
A14: 1.2 | B14: LOCAÇÃO DA OBRA A TRENA | C14: m² | D14: 189.85
B15: Total | C15: m² | D15: =SUM(D14:D14) -> 189.85
A16: 2.0 | B16: MOVIMENTAÇÃO DE TERRA:
A17: 2.1 | B17: Escavação manual ate 1.50m de profundidade (Blocos e viga baldrame) | C17: m³
A18: 2.1.1 | B18: BLOCOS -> ( 0,60m x 0,60m x 1,00m )20 unidades. | C18: m³ | D18: =(0.65*0.65*1)*20 -> 8.45
A19: 2.1.2 | B19: VIGA BALDRAME -> (76,60m x 0,35m x 0,20m) | C19: m³ | D19: =76.6*0.2*0.35 -> 5.362
B20: Total | C20: m³ | D20: =SUM(D18:D19) -> 13.812
A21: 2.2 | B21: Aterro c/ material fora da obra, incl. Apiloamento (30% dos blocos e vigas baldrame) | C21: m³ | D21: 3.77
B22: Total | C22: m³ | D22: =SUM(D21:D21) -> 3.77
A23: 3.0 | B23: FUNDAÇÃO:
A24: 3.1 | B24: Bloco em concreto armado p/ fundaçao (incl. forma) | C24: m³
B25: --> ( 0,60m x 0,60m x 0,40m )20 unidades. | C25: m³ | D25: =(0.6*0.6*0.4)*20 -> 2.88
B26: Total | C26: m³ | D26: =SUM(D25) -> 2.88
A27: 3.2 | B27: Baldrame em concreto armado c/ cinta de amarração | C27: m³
B28: --> ( 76,60m x 0,30m x 0,15m ) | C28: m³ | D28: =76.6*0.3*0.15 -> 3.447
B29: Total | C29: m³ | D29: =SUM(D28) -> 3.447
A30: 4.0 | B30: ESTRUTURA:
A31: 4.1 | B31: CONC.ARMADO FCK 20 MPA C/ FORMA DE MAD. BRANCA | C31: m³
B32: PILARES GERAL --> | C32: m³ | D32: =(0.15*0.3*5)*20 -> 4.5
A33: 4.2 | B33: CINTA DE AMARRAÇÃO --> ( 76,60m x 0,20m x 0,15m ) | C33: m³ | D33: =76.6*0.2*0.15 -> 2.298
B34: Total | C34: m³ | D34: =SUM(D32:D33) -> 6.798
A35: 5.0 | B35: IMPERMEABILIZAÇÃO:
A36: 5.1 | B36: Impermeabilização de viga baldrame
A37: 5.2 | B37: VIGA BALDRAME -> (((76,60*0,3)*2)+(76,60*0,15)) | C37: m² | D37: =((76.6*0.3)*2)+(76.6*0.15) -> 57.45
B38: Total | C38: m² | D38: =SUM(D37:D37) -> 57.45
A39: 6.0 | B39: PAREDES E PAINEIS:
A40: 6.1 | B40: ALVENARIA TIJOLO DE BARRO A CUTELO
B41: PAREDES -> [(65,24m x 3,00m)+((7,06m x 4,90m)x2)+((12,00m x4,50m)x2)+((1,20m x 3,35m)x2))+(1,20m x 9,52m) -(24,80m²+15,50m²)] | C41: m² | D41: 145.62
B42: Total | C42: m² | D42: =SUM(D41) -> 145.62
A43: 6.2 | B43: VERGAS PRÉ-MOLDADAS PARA JANELAS COM MAIS DE 1,50M DE VÃO. | C43: m | D43: 15.9
B44: Total | C44: m | D44: =D43 -> 15.9
A45: 6.3 | B45: VERGAS PRÉ-MOLDADAS PARA PORTAS COM ATÉ 1,50M DE VÃO. | C45: m | D45: 7.5
B46: Total | C46: m | D46: =D45 -> 7.5
A47: 7.0 | B47: REVESTIMENTO
A48: 7.1 | B48: CHAPISCO -> ALVENARIA | C48: m² | D48: =D41*2 -> 291.24
B49: Total | C49: m² | D49: =SUM(D48:D48) -> 291.24
A50: 7.2 | B50: REBOCO -> ALVENARIA | C50: m² | D50: =D49-D56 -> 195.39
B51: Total | C51: m² | D51: =SUM(D50) -> 195.39
A52: 7.3 | B52: AZULEJO BRANCO ASSENTADO A PRUMO NO TRAÇO 1:5:1
B53: -> [(( 2,70m + 2,70m + 1,50m + 1,50m )x 2,80m altura) x 2 banheiros + ( 2,05m +2,05m + 1,50m + 1,50m )x 2,80m altura] | C53: m² | D53: 95.85
B54: Total | C54: m² | D54: =SUM(D53) -> 95.85
A55: 7.4 | B55: EMBOÇO -> ALVENARIA | C55: m² | D55: 95.85
B56: Total | C56: m² | D56: =SUM(D55) -> 95.85
A57: 8.0 | B57: PISOS
A58: 8.1.1 | B58: CAMADA IMPERMEABILIZADORA E=10CM C/ SEIXO
B59: ÁREAS -> 9,44m² + 3,53m² + 3,54m² + 9,94m² + 4,77m² + 29,02m² + 42,00m² + 8,32m² | C59: m² | D59: =9.44+3.53+3.53+9.94+4.77+29.02+42+8.32 -> 110.55
B60: Total | C60: m² | D60: =SUM(D59:D59) -> 110.55
A61: 8.1.2 | B61: CAMADA REGULARIZADORA
B62: ÁREAS -> 9,44m² + 3,53m² + 3,54m² + 9,94m² + 4,77m² + 29,02m² + 42,00m² + 8,32m² | C62: m² | D62: 110.55
B63: Total | C63: m² | D63: =D62 -> 110.55
A64: 8.1.2 | B64: PISO CERAMICO
B65: ÁREAS -> 9,44m² + 3,53m² + 3,54m² + 9,94m² + 4,77m² + 29,02m² + 42,00m² + 8,32m² | C65: m² | D65: =9.44+3.53+3.53+9.94+4.77+29.02+42+8.32 -> 110.55
B66: Total | C66: m² | D66: =SUM(D65:D65) -> 110.55
A67: 8.1.3 | B67: CALÇADA(INCL. ALICERCE, BALDRME E CONCRETO C/ JUNTA SECA
B68: AREA EXTERNA --> 55,40m² | C68: m² | D68: 55.4
B69: Total | C69: m² | D69: =SUM(D68:D68) -> 55.4
A70: 9.0 | B70: INSTALAÇÕES:
A71: 9.1 | B71: ELÉTRICA
A72: 9.1.1 | B72: PONTO DE ILUMINAÇÃO | C72: UND | D72: 25
B73: Total | C73: UND | D73: =D72 -> 25
A74: 9.1.2 | B74: PONTO DE TOMADA 20A/250V | C74: UND | D74: 17
B75: Total | C75: UND | D75: =D74 -> 17
A76: 9.1.3 | B76: QUADRO DE DISTRIBUIÇÃO | C76: UND | D76: 1
B77: Total | C77: UND | D77: =D76 -> 1
A78: 9.1.4 | B78: HASTE PARA ATERRAMENTO | C78: UND | D78: 5
B79: Total | C79: UND | D79: =D78 -> 5
A80: 9.1.5 | B80: VENTILADOR DE TETO | C80: UND | D80: 6
B81: Total | C81: UND | D81: =D80 -> 6
A82: 9.1.6 | B82: QUADRO DE MEDIÇÃO BIFÁSICO (C/ DISJUNTOR) | C82: UND | D82: 1
B83: Total | C83: UND | D83: =D82 -> 1
A84: 9.1.7 | B84: CAIXA DE PASSAGEM DE ALVENARIA 40x40x40cm C/ TAMPA DE CONCRETO | C84: UND | D84: 1
B85: Total | C85: UND | D85: =D84 -> 1
A86: 9.1.8 | B86: ELETRODUTO FºGº 3/4" | C86: M | D86: 145
B87: Total | C87: M | D87: =D86 -> 145
A88: 9.1.9 | B88: ELETRODUTO FºGº 1" | C88: M | D88: 10
B89: Total | C89: M | D89: =D88 -> 10
A90: 9.1.10 | B90: ISOLADOR DE PLASTICO, TIPO ROLDANA, D= 72x72MM, PARA USO EM BAIXA TENSÃO. | C90: UND | D90: 30
B91: Total | C91: UND | D91: =D90 -> 30
A92: 9.1.11 | B92: LUMINÁRIA DE EMBUTIR, PAINEL LED 24W | C92: UND | D92: 22
B93: Total | C93: UND | D93: =D92 -> 22
A94: 9.1.12 | B94: LUMINÁRIA DE EMBUTIR, PAINEL LED 18W | C94: UND | D94: 3
B95: Total | C95: UND | D95: 3
A96: 9.2 | B96: HIDROSANITÁRIA:
A97: 9.2.1 | B97: PONTOS DE ESGOTO (INCL. TUBOS, CONEXÕES, CAIXA E RALOS)
B98: ESCOLA GERAL | C98: unid | D98: 12
B99: Total | C99: unid | D99: =D98 -> 12
A100: 9.2.2 | B100: PONTOS DE ÁGUA FRIA (INCL. TUBOS E CONEXÕES)
B101: ESCOLA GERAL | C101: unid | D101: 18
B102: Total | C102: unid | D102: =SUM(D101:D101) -> 18
A103: 9.2.3 | B103: FOSSA SEPTICA CILINDRICA TIPO IMHOFF,COM TAMPA PARA 200 CONTRIBUINTES.
B104: ESCOLA GERAL | C104: unid | D104: 1
B105: Total | C105: unid | D105: =SUM(D104) -> 1
A106: 9.2.4 | B106: Sumidouro em alvenaria c/ tpo.em concreto - cap = 30 pessoas.
...

Sheet ORÇAMENTO
A7: PROPRIETÁRIO: MUNICÍPIO DE ITAITUBA | D7: DATA DA VISTORIA: xxx | H7: DATA DA EXPEDIÇÃO: 09/09/2020
A8: OBRA: ESCOLA MUNICIPAL DE ENSINO FUNDAMENTAL INDEPENDÊNCIA I. | D8: TABELA SINAPI/PA - 07/2020 SEDOP/PA - 04/2020 COM DESONERAÇÃO | H8: VALOR DA OBRA: | I8: =I93 -> 287433.44
A9: LOCAL DA OBRA: MARGEM ESQUERDA DO RIO TAPAJÓS, COMUNIDADE INDEPENDÊNCIA I. | K9: =I93 -> 287433.44
A11: ITEM | B11: REF. CÓD | C11: DESCRIÇÃO | D11: UNID. | E11: QUANT. | F11: PREÇO | J11: B.D.I (%) OBRA
F12: UNITÁRIO SEM BDI | G12: UNITÁRIO COM BDI | H12: TOTAL S/ BDI | I12: TOTAL C/ BDI | J12: 0.29
A14: 1000000 | C14: SERVIÇOS PRELIMINARES | H14: =H15+H16 -> 1799.4738 | I14: =SUM(I15:I16) -> 2321.3212
A15: 1001000 | B15: SEDOP 011340 | C15: PLACA DA OBRA EM LONA COM PLOTAGEM GRÁFICA | D15: m² | E15: ='MEMÓRIA DE CÁLCULO'!D13 -> 6.16 | F15: 160.83 | G15: =((F15*$J$12)+F15) -> 207.4707 | H15: =F15*E15 -> 990.7128 | I15: =G15*E15 -> 1278.0195 | J15: INCLUSO
A16: 1002000 | B16: SEDOP 010009 | C16: LOCAÇÃO DA OBRA A TRENA | D16: m² | E16: ='MEMÓRIA DE CÁLCULO'!D15 -> 189.85 | F16: 4.26 | G16: =((F16*$J$12)+F16) -> 5.4954 | H16: =F16*E16 -> 808.761 | I16: =G16*E16 -> 1043.3017 | J16: INCLUSO
A17: 2000000 | C17: MOVIMENTO DE TERRA | H17: =SUM(H18:H19) -> 949.02396 | I17: =SUM(I18:I19) -> 1224.2409
A18: 2001000 | B18: SEDOP 30010 | C18: ESCAVAÇÃO MANUAL ATÉ 1.50 m DE PROFUNDIDADE (BLOCOS E VIGAS) | D18: m³ | E18: ='MEMÓRIA DE CÁLCULO'!D20 -> 13.812 | F18: 43.08 | G18: =((F18*$J$12)+F18) -> 55.5732 | H18: =F18*E18 -> 595.02096 | I18: =G18*E18 -> 767.57704 | J18: INCLUSO
A19: 2002000 | B19: SEDOP 030011 | C19: ATERRO COM MATERIAL FORA DA OBRA, INCL. APILOAMENTO | D19: m³ | E19: ='MEMÓRIA DE CÁLCULO'!D22 -> 3.77 | F19: 93.9 | G19: =((F19*$J$12)+F19) -> 121.131 | H19: =F19*E19 -> 354.003 | I19: =G19*E19 -> 456.66387 | J19: INCLUSO
A20: 3000000 | C20: FUNDAÇÃO | H20: =SUM(H21:H22) -> 13414.613 | I20: =SUM(I21:I22) -> 17304.851
A21: 3001000 | B21: SEDOP 040283 | C21: BLOCO EM CONCRETO ARMADO PARA FUNDAÇÃO (INCL. FÔRMA) | D21: m³ | E21: ='MEMÓRIA DE CÁLCULO'!D26 -> 2.88 | F21: 2189.68 | G21: =((F21*$J$12)+F21) -> 2824.6872 | H21: =F21*E21 -> 6306.2784 | I21: =G21*E21 -> 8135.0991 | J21: INCLUSO
A22: 3002000 | B22: SEDOP 040284 | C22: BALDRAME EM CONCRETO ARMADO COM CINTA DE AMARRAÇÃO | D22: m³ | E22: ='MEMÓRIA DE CÁLCULO'!D29 -> 3.447 | F22: 2062.18 | G22: =((F22*$J$12)+F22) -> 2660.2122 | H22: =F22*E22 -> 7108.3345 | I22: =G22*E22 -> 9169.7515 | J22: INCLUSO
A23: 4000000 | C23: ESTRUTURA | H23: =H24 -> 16041.105 | I23: =I24 -> 20693.025
A24: 4001000 | B24: SEDOP 050729 | C24: CONCRETO ARMADO FCK=20MPA COM FÔRMA MAD. BRANCA (PILARES E VIGAS DE AMARRAÇÃO) | D24: m² | E24: ='MEMÓRIA DE CÁLCULO'!D34 -> 6.798 | F24: 2359.68 | G24: =((F24*$J$12)+F24) -> 3043.9872 | H24: =F24*E24 -> 16041.105 | I24: =G24*E24 -> 20693.025 | J24: INCLUSO | K24: OK
A25: 5000000 | C25: IMPERMEABILIZAÇÃO | D25: M2 | H25: =H26 -> 3240.18 | I25: =I26 -> 4179.8322
A26: 5001000 | B26: SEDOP 080293 | C26: IMPERMEABILIZAÇÃO PARA BALDRAME (IGOL 2 + SIKA 1) | D26: m² | E26: ='MEMÓRIA DE CÁLCULO'!D38 -> 57.45 | F26: 56.4 | G26: =((F26*$J$12)+F26) -> 72.756 | H26: =F26*E26 -> 3240.18 | I26: =G26*E26 -> 4179.8322 | J26: INCLUSO
A27: 6000000 | C27: PAREDES E PAINÉIS | D27: M2 | H27: =SUM(H28:H30) -> 9691.9699 | I27: =SUM(I28:I30) -> 12502.641
A28: 6001000 | B28: SINAPI 87478 | C28: ALVENARIA DE VEDAÇÃO DE BLOCOS CERÂMICOS DE 9X19X39CM E ARGAMASSA DE ASSENTAMENTO COM PREPARO MANUAL | D28: m² | E28: 241.19 | F28: 37.31 | G28: =((F28*$J$12)+F28) -> 48.1299 | H28: =F28*E28 -> 8998.7989 | I28: =G28*E28 -> 11608.451 | J28: INCLUSO
A29: 6002000 | B29: SINAPI 93183 | C29: VERGAS PRÉ-MOLDADAS PARA JANELAS COM MAIS DE 1,50M DE VÃO. | D29: m | E29: ='MEMÓRIA DE CÁLCULO'!D44 -> 15.9 | F29: 33.94 | G29: =((F29*$J$12)+F29) -> 43.7826 | H29: =F29*E29 -> 539.646 | I29: =G29*E29 -> 696.14334 | J29: INCLUSO
A30: 6003000 | B30: SINAPI 93184 | C30: VERGAS PRÉ-MOLDADAS PARA PORTAS COM ATÉ 1,50M DE VÃO. | D30: m | E30: ='MEMÓRIA DE CÁLCULO'!D46 -> 7.5 | F30: 20.47 | G30: =((F30*$J$12)+F30) -> 26.4063 | H30: =F30*E30 -> 153.525 | I30: =G30*E30 -> 198.04725 | J30: INCLUSO
A31: 7000000 | C31: REVESTIMENTO | D31: M2 | H31: =SUM(H32:H35) -> 18927.547 | I31: =SUM(I32:I35) -> 24416.536
A32: 7001000 | B32: SEDOP 110143 | C32: CHAPISCO DE CIMENTO E AREIA NO TRAÇO 1:3 | D32: m² | E32: ='MEMÓRIA DE CÁLCULO'!D49 -> 291.24 | F32: 9.04 | G32: =((F32*$J$12)+F32) -> 11.6616 | H32: =F32*E32 -> 2632.8096 | I32: =G32*E32 -> 3396.3244 | J32: INCLUSO
A33: 7002000 | B33: SEDOP 110763 | C33: REBOCO COM ARGAMASSA 1:6:ADIT. PLAST. | D33: m² | E33: ='MEMÓRIA DE CÁLCULO'!D51 -> 195.39 | F33: 36.69 | G33: =((F33*$J$12)+F33) -> 47.3301 | H33: =F33*E33 -> 7168.8591 | I33: =G33*E33 -> 9247.8282 | J33: INCLUSO
A34: 7003000 | B34: SEDOP 110644 | C34: REVESTIMENTO CERÂMICO PADRÃO MÉDIO | D34: m² | E34: ='MEMÓRIA DE CÁLCULO'!D54 -> 95.85 | F34: 64.03 | G34: =((F34*$J$12)+F34) -> 82.5987 | H34: =F34*E34 -> 6137.2755 | I34: =G34*E34 -> 7917.0854 | J34: INCLUSO
A35: 7004000 | B35: SEDOP 110762 | C35: EMBOÇO COM ARGAMASSA 1:6:ADIT. PLAST. | D35: m² | E35: ='MEMÓRIA DE CÁLCULO'!D55 -> 95.85 | F35: 31.18 | G35: =((F35*$J$12)+F35) -> 40.2222 | H35: =F35*E35 -> 2988.603 | I35: =G35*E35 -> 3855.2979 | J35: INCLUSO | K35: OK
A36: 8000000 | C36: PISOS | H36: =SUM(H37:H40) -> 21448.044 | I36: =SUM(I37:I40) -> 27667.977
A37: 8001000 | B37: SEDOP 130507 | C37: CAMADA IMPERMEABILIZADORA E=10CM C/ SEIXO | D37: m² | E37: ='MEMÓRIA DE CÁLCULO'!D60 -> 110.55 | F37: 48.56 | G37: =((F37*$J$12)+F37) -> 62.6424 | H37: =F37*E37 -> 5368.308 | I37: =G37*E37 -> 6925.1173 | J37: INCLUSO
A38: 8002000 | B38: SEDOP 130110 | C38: CAMADA REGULARIZADORA | D38: m² | E38: ='MEMÓRIA DE CÁLCULO'!D63 -> 110.55 | F38: 29.44 | G38: =((F38*$J$12)+F38) -> 37.9776 | H38: =F38*E38 -> 3254.592 | I38: =G38*E38 -> 4198.4237 | J38: INCLUSO
A39: 8003000 | B39: SEDOP 130492 | C39: CALÇADA(INCL. ALICERCE, BALDRME E CONCRETO C/ JUNTA SECA | D39: m² | E39: ='MEMÓRIA DE CÁLCULO'!D69 -> 55.4 | F39: 85.93 | G39: =((F39*$J$12)+F39) -> 110.8497 | H39: =F39*E39 -> 4760.522 | I39: =G39*E39 -> 6141.0734 | J39: INCLUSO
A40: 8004000 | B40: SEDOP 130119 | C40: LAJOTA CERAMICA - PEI IV - (PADRÃO MÉDIO), SENDO ANTIDERRAPANTE PARA OS BANHEIROS | D40: m² | E40: ='MEMÓRIA DE CÁLCULO'!D66 -> 110.55 | F40: 72.95 | G40: =((F40*$J$12)+F40) -> 94.1055 | H40: =F40*E40 -> 8064.6225 | I40: =G40*E40 -> 10403.363 | J40: INCLUSO
A41: 9000000 | C41: INSTALAÇÕES | H41: =H42+H55 -> 35126.85 | I41: =I42+I55 -> 39500.121
A42: 9100000 | C42: INSTALAÇÃO ELÉTRICA | H42: =SUM(H43:H54) -> 11809.12 | I42: =SUM(I43:I54) -> 18077.97
A43: 9101000 | B43: SINAPI 93128 | C43: PONTO ILUMINAÇÃO RESIDENCIAL INCLUINDO INTERRUPTOR SIMPLES, CAIXA ELÉTRICA, ELETRODUTO, CABO, RASGO, QUEBRA E CHUMBAMENTO. ( EXCLUINDO LUMINÁRIA E LAMPADA). AF 01/2016 | D43: UND | E43: ='MEMÓRIA DE CÁLCULO'!D73 -> 25 | F43: 105.96 | G43: =((F43*$J$12)+F43) -> 136.6884 | H43: =F43*E43 -> 2649 | I43: 3464.5401 | J43: INCLUSO
A44: 9102000 | B44: SINAPI 93143 | C44: PONTO DE TOMADA RESIDENCIAL INCLUINDO TOMADA 20A/250V, CAIXA ELÉTRICA, ELETRODUTO, CABO, RASGO, QUEBRA E CHUMBAMENTO. AF_01/2016. | D44: UND | E44: ='MEMÓRIA DE CÁLCULO'!D75 -> 17 | F44: 129.15 | G44: =((F44*$J$12)+F44) -> 166.6035 | H44: =F44*E44 -> 2195.55 | I44: 2917.206 | J44: INCLUSO
A45: 9103000 | B45: SEDOP 170321 | C45: CENTRO DE DISTRIBUIÇÃO PARA 12 DISJUNTORES COM BARRAMENTO | D45: UND | E45: ='MEMÓRIA DE CÁLCULO'!D77 -> 1 | F45: 323.51 | G45: =((F45*$J$12)+F45) -> 417.3279 | H45: =F45*E45 -> 323.51 | I45: 2881.4472 | J45: INCLUSO
A46: 9104000 | B46: SEDOP 171164 | C46: HASTE DE AÇO COBREADA 5/8"x2,40m C/ CONECTOR | D46: UND | E46: ='MEMÓRIA DE CÁLCULO'!D79 -> 5 | F46: 98.34 | G46: =((F46*$J$12)+F46) -> 126.8586 | H46: =F46*E46 -> 491.7 | I46: 460.659 | J46: INCLUSO
A47: 9105000 | B47: SEDOP 250732 | C47: VENTILADOR DE TETO | D47: UND | E47: ='MEMÓRIA DE CÁLCULO'!D81 -> 6 | F47: 200.31 | G47: =((F47*$J$12)+F47) -> 258.3999 | H47: =F47*E47 -> 1201.86 | I47: 2150.7138 | J47: INCLUSO
A48: 9106000 | B48: SEDOP 170073 | C48: QUADRO DE MEDIÇÃO BIFÁSICO (C/ DISJUNTOR) | D48: UND | E48: ='MEMÓRIA DE CÁLCULO'!D83 -> 1 | F48: 386.23 | G48: =((F48*$J$12)+F48) -> 498.2367 | H48: =F48*E48 -> 386.23 | I48: 709.5516 | J48: INCLUSO
A49: 9107000 | B49: SEDOP 180680 | C49: CAIXA DE PASSAGEM DE ALVENARIA 40x40x40cm C/ TAMPA DE CONCRETO | D49: UND | E49: ='MEMÓRIA DE CÁLCULO'!D85 -> 1 | F49: 220.37 | G49: =((F49*$J$12)+F49) -> 284.2773 | H49: =F49*E49 -> 220.37 | I49: 467.883 | J49: INCLUSO
A50: 9108000 | B50: SEDOP 171092 | C50: ELETRODUTO FºGº 3/4" | D50: M | E50: ='MEMÓRIA DE CÁLCULO'!D87 -> 145 | F50: 11.66 | G50: =((F50*$J$12)+F50) -> 15.0414 | H50: =F50*E50 -> 1690.7 | I50: 1294.902 | J50: INCLUSO
A51: 9109000 | B51: SEDOP 171017 | C51: ELETRODUTO FºGº 1" | D51: M | E51: ='MEMÓRIA DE CÁLCULO'!D89 -> 10 | F51: 12.65 | G51: =((F51*$J$12)+F51) -> 16.3185 | H51: =F51*E51 -> 126.5 | I51: 262.515 | J51: INCLUSO
A52: 9110000 | B52: SEDOP 171175 | C52: ISOLADOR DE PLASTICO, TIPO ROLDANA, D= 72x72MM, PARA USO EM BAIXA TESÃO. | D52: UND | E52: ='MEMÓRIA DE CÁLCULO'!D91 -> 30 | F52: 17.19 | G52: =((F52*$J$12)+F52) -> 22.1751 | H52: =F52*E52 -> 515.7 | I52: 878.232 | J52: INCLUSO
A53: 9111000 | B53: CÓD. 0001 | C53: LUMINÁRIA DE EMBUTIR, PAINEL LED 24W | D53: UND | E53: ='MEMÓRIA DE CÁLCULO'!D93 -> 22 | F53: 82.72 | G53: =((F53*$J$12)+F53) -> 106.7088 | H53: =F53*E53 -> 1819.84 | I53: =E53*G53 -> 2347.5936 | J53: INCLUSO | K53: PREÇO CASA DO LED
A54: 9112000 | B54: CÓD. 0002 | C54: LUMINÁRIA DE EMBUTIR, PAINEL LED 18W | D54: UND | E54: ='MEMÓRIA DE CÁLCULO'!D95 -> 3 | F54: 62.72 | G54: =((F54*$J$12)+F54) -> 80.9088 | H54: =F54*E54 -> 188.16 | I54: =E54*G54 -> 242.7264 | J54: INCLUSO | K54: PREÇO CASA DO LED
A55: 9200000 | C55: INSTALAÇÃO HIDROSSANITÁRIA | H55: =SUM(H56:H62) -> 23317.73 | I55: =SUM(I56:I62) -> 21422.152
A56: 9201000 | B56: SEDOP 180214 | C56: PONTOS DE ESGOTO (INCL. TUBOS, CONEXÕES, CAIXA E RALOS) | D56: PTS | E56: ='MEMÓRIA DE CÁLCULO'!D99 -> 12 | F56: 295.9 | G56: =((F56*$J$12)+F56) -> 381.711 | H56: =F56*E56 -> 3550.8 | I56: 3821.9346 | J56: INCLUSO
A57: 9202000 | B57: SEDOP 180299 | C57: PONTOS DE ÁGUA FRIA (INCL. TUBOS E CONEXÕES) | D57: PTS | E57: ='MEMÓRIA DE CÁLCULO'!D102 -> 18 | F57: 346.02 | G57: =((F57*$J$12)+F57) -> 446.3658 | H57: =F57*E57 -> 6228.36 | I57: 3807.693 | J57: INCLUSO
A58: 9203000 | B58: SINAPI 98068 | C58: TANQUE SÉPTICO RETANGULAR, EM ALVENARIA COM TIJOLOS CERÂMICOS MACIÇOS, DIMENSÕES INTERNAS: 1,6 X 4,4 X 1,8 M, VOLUME ÚTIL: 9856 L (PARA 32 CONTRIBUINTES) | D58: UND | E58: ='MEMÓRIA DE CÁLCULO'!D105 -> 1 | F58: 7985.56 | G58: =((F58*$J$12)+F58) -> 10301.372 | H58: 5246.49 | I58: 8335.8768 | J58: INCLUSO
A59: 9204000 | B59: SEDOP 180543 | C59: SUMIDOURO EM ALVENARIA C/TOPO EM CONCRETO - CAP = 50 PESSOAS. | D59: UND | E59: ='MEMÓRIA DE CÁLCULO'!D105 -> 1 | F59: 2435.13 | G59: =((F59*$J$12)+F59) -> 3141.3177 | H59: =F59*E59 -> 2435.13 | I59: 2368.2852 | J59: INCLUSO
A60: 9205000 | B60: SINAPI 98102 | C60: CAIXA DE GORDURA SIMPLES, CIRCULAR, EM CONCRETO PRÉ-MOLDADO, DIÂMETRO INTERNO = 0,4 M, ALTURA INTERNA = 0,4 M. AF_05/2018 | D60: UND | E60: ='MEMÓRIA DE CÁLCULO'!D110 -> 1 | F60: 75.76 | G60: =((F60*$J$12)+F60) -> 97.7304 | H60: =F60*E60 -> 75.76 | I60: 277.866 | J60: INCLUSO
A61: 9206000 | B61: SINAPI 97976 | C61: POÇO DE INSPEÇÃO CIRCULAR PARA ESGOTO, EM ALVENARIA COM TIJOLOS CERÂMICOS MACIÇOS, DIÂMETRO INTERNO = 0,6 M, PROFUNDIDADE = 1 M, EXCLUINDO TAMPÃO | D61: UND | E61: ='MEMÓRIA DE CÁLCULO'!D112 -> 4 | F61: 954.26 | G61: =((F61*$J$12)+F61) -> 1230.9954 | H61: =F61*E61 -> 3817.04 | I61: 1274.2362 | J61: INCLUSO
A62: 9207000 | B62: SEDOP 180461 | C62: RESERVATÓRIO EM POLIETILENO DE 1.000 L | D62: UND | E62: ='MEMÓRIA DE CÁLCULO'!D114 -> 1 | F62: 1964.15 | G62: =((F62*$J$12)+F62) -> 2533.7535 | H62: =F62*E62 -> 1964.15 | I62: 1536.26 | J62: INCLUSO
A63: 10000000 | C63: FORRO | H63: =SUM(H64:H65) -> 7924.224 | I63: =SUM(I64:I65) -> 16294.627
A64: 10001000 | B64: SEDOP 140348 | C64: BARROTEAMENTO EM MADEIRA DE LEI P/ FORRO PVC. | D64: m² | E64: ='MEMÓRIA DE CÁLCULO'!D118 -> 110.55 | F64: 45.69 | G64: =((F64*$J$12)+F64) -> 58.9401 | H64: =F64*E64 -> 5051.0295 | I64: 8589.0281 | J64: INCLUSO
A65: 10002000 | B65: SEDOP 141336 | C65: FORRO EM LAMBRI DE PVC. | D65: m² | E65: ='MEMÓRIA DE CÁLCULO'!D121 -> 110.55 | F65: 25.99 | G65: =((F65*$J$12)+F65) -> 33.5271 | H65: =F65*E65 -> 2873.1945 | I65: 7705.5988 | J65: INCLUSO
A66: 11000000 | C66: ESQUADRIAS | H66: =SUM(H68:H70) -> 11866.112 | I66: =SUM(I68:I70) -> 15307.284
A67: 11001000 | B67: SEDOP 090065 | C67: ESQUADRIA MAD. E=3CM C/ CAIX. ADUELA E ALIZAR. | D67: m² | E67: ='MEMÓRIA DE CÁLCULO'!D135 -> 10.5 | F67: 464.08 | G67: =((F67*$J$12)+F67) -> 598.6632 | H67: =F67*E67 -> 4872.84 | I67: =E67*G67 -> 6285.9636 | J67: INCLUSO
A68: 11002000 | B68: SINAPI 94573 | C68: JANELA DE ALUMÍNIO DE CORRER COM VIDROS E FERRAGENS, PADRONIZADA. | D68: m² | E68: ='MEMÓRIA DE CÁLCULO'!D128 -> 12.15 | F68: 276.04 | G68: =((F68*$J$12)+F68) -> 356.0916 | H68: =F68*E68 -> 3353.886 | I68: =E68*G68 -> 4326.5129 | J68: INCLUSO
A69: 11003000 | B69: SEDOP 90822 | C69: PORTÃO DE FERRO EM METALOM (INCL. PINTURA ANTI CORROSIVA) | D69: m² | E69: ='MEMÓRIA DE CÁLCULO'!D132 -> 16.575 | F69: 365.66 | G69: =((F69*$J$12)+F69) -> 471.7014 | H69: =F69*E69 -> 6060.8145 | I69: =E69*G69 -> 7818.4507 | J69: INCLUSO
A70: 11004000 | B70: SEDOP 90825 | C70: GRADE DE FERRO EM METALOM (INCL. PINTURA ANTI CORROSIVA) | D70: m² | E70: ='MEMÓRIA DE CÁLCULO'!D138 -> 7.84 | F70: 312.68 | G70: =((F70*$J$12)+F70) -> 403.3572 | H70: =F70*E70 -> 2451.4112 | I70: =E70*G70 -> 3162.3204 | J70: INCLUSO
A71: 12000000 | C71: PINTURA | H71: =SUM(H72:H73) -> 5607.693 | I71: =SUM(I72:I73) -> 9044.8866
A72: 12001000 | B72: SINAPI 88487 | C72: APLICAÇÃO MANUAL DE PINTURA COM TINTA LÁTEX PVA EM PAREDES, DUAS DEMÃOS. | D72: m² | E72: ='MEMÓRIA DE CÁLCULO'!D142 -> 195.39 | F72: 10.39 | G72: =((F72*$J$12)+F72) -> 13.4031 | H72: =F72*E72 -> 2030.1021 | I72: 3494.8422 | J72: INCLUSO
A73: 12002000 | B73: SEDOP 150252 | C73: PVA EXTERNA SEM MASSA, COM LIQUIDO PREPARADO. | D73: m² | E73: ='MEMÓRIA DE CÁLCULO'!D145 -> 195.39 | F73: 18.31 | G73: =((F73*$J$12)+F73) -> 23.6199 | H73: =F73*E73 -> 3577.5909 | I73: 5550.0444 | J73: INCLUSO
A74: 13000000 | C74: LOUÇAS E METAIS | H74: =SUM(H75:H78) -> 2274.6 | I74: =SUM(I75:I78) -> 4327.7307
A75: 13001000 | B75: SEDOP 190090 | C75: BACIA SIFONADA DE LOUÇA C/ ASSENTO | D75: UND | E75: ='MEMÓRIA DE CÁLCULO'!D149 -> 2 | F75: 352.81 | G75: =((F75*$J$12)+F75) -> 455.1249 | H75: =F75*E75 -> 705.62 | I75: 1300.3974 | J75: INCLUSO
A76: 13002000 | B76: SEDOP 190375 | C76: LAVATÓRIO DE LOUÇA, C/ COLUNA, TORNEIRA, SIFÃO E VALVULA. | D76: UND | E76: ='MEMÓRIA DE CÁLCULO'!D152 -> 2 | F76: 489.77 | G76: =((F76*$J$12)+F76) -> 631.8033 | H76: =F76*E76 -> 979.54 | I76: 1149.7254 | J76: INCLUSO
A77: 13003000 | B77: SEDOP 190238 | C77: PIA 01 CUBA EM AÇO INOX C/TORN.,SIFAO E VALV.(1,50M) | D77: UND | E77: ='MEMÓRIA DE CÁLCULO'!D155 -> 1 | F77: 541.7 | G77: =((F77*$J$12)+F77) -> 698.793 | H77: =F77*E77 -> 541.7 | I77: 1822.1895 | J77: INCLUSO
A78: 13004000 | B78: SEDOP 190218 | C78: CHUVEIRO EM PVC. | D78: UND | E78: ='MEMÓRIA DE CÁLCULO'!D158 -> 2 | F78: 23.87 | G78: =((F78*$J$12)+F78) -> 30.7923 | H78: =F78*E78 -> 47.74 | I78: 55.4184 | J78: INCLUSO
A79: 14000000 | C79: COBERTURA | H79: =SUM(H80:H83) -> 26064.506 | I79: =SUM(I80:I83) -> 32033.351
A80: 14001000 | B80: SEDOP 070053 | C80: ESTRUTURA EM MADEIRA DE LEI P/ TELHA DE FIBROCIMENTO - PÇ APARELHADA | D80: M² | E80: ='MEMÓRIA DE CÁLCULO'!D162 -> 189.85 | F80: 50.06 | G80: =((F80*$J$12)+F80) -> 64.5774 | H80: =F80*E80 -> 9503.891 | I80: 12294.056 | J80: INCLUSO
A81: 14002000 | B81: SEDOP 070047 | C81: COBERTURA - TELHA FIBROCIMENTO E=6mm | D81: M² | E81: ='MEMÓRIA DE CÁLCULO'!D165 -> 189.85 | F81: 60.13 | G81: =((F81*$J$12)+F81) -> 77.5677 | H81: =F81*E81 -> 11415.681 | I81: 13154.691 | J81: INCLUSO
A82: 14003000 | B82: SEDOP 080028 | C82: DESCUPINIZAÇÃO | D82: M² | E82: ='MEMÓRIA DE CÁLCULO'!D168 -> 189.85 | F82: 6.46 | G82: =((F82*$J$12)+F82) -> 8.3334 | H82: =F82*E82 -> 1226.431 | I82: 1529.734 | J82: INCLUSO
A83: 14004000 | B83: SEDOP 080783 | C83: MANTA PARA SUB COBERTURA E=5mm | D83: M² | E83: ='MEMÓRIA DE CÁLCULO'!D171 -> 189.85 | F83: 20.64 | G83: =((F83*$J$12)+F83) -> 26.6256 | H83: =E83*F83 -> 3918.504 | I83: =E83*G83 -> 5054.8702 | J83: INCLUSO | K83: OK
A84: 15000000 | C84: COMBATE A INCENDIO | H84: =SUM(H85:H86) -> 604.38 | I84: =SUM(I85:I86) -> 1440.2076
A85: 15001000 | B85: SEDOP 241468 | C85: PLACA DE SINALIZAÇÃO FOTOLUMINOSCENTE | D85: UND | E85: ='MEMÓRIA DE CÁLCULO'!D174 -> 8 | F85: 29.62 | G85: =((F85*$J$12)+F85) -> 38.2098 | H85: =F85*E85 -> 236.96 | I85: 552.8424 | J85: INCLUSO
A86: 15002000 | B86: SEDOP 201507 | C86: EXTINTOR DE INCÊNDIO ABC - 6 KG | D86: UND | E86: ='MEMÓRIA DE CÁLCULO'!D176 -> 2 | F86: 183.71 | G86: =((F86*$J$12)+F86) -> 236.9859 | H86: =F86*E86 -> 367.42 | I86: 887.3652 | J86: INCLUSO
A87: 16000000 | C87: DIVERSOS | H87: =SUM(H88:H92) -> 46520.229 | I87: =SUM(I88:I92) -> 59174.803
A88: 16001000 | B88: SEDOP 190716 | C88: BARRA EM AÇO - PNE | D88: M | E88: ='MEMÓRIA DE CÁLCULO'!D180 -> 3 | F88: 219.65 | G88: =((F88*$J$12)+F88) -> 283.3485 | H88: =F88*E88 -> 658.95 | I88: 786.2679 | J88: INCLUSO
A89: 16002000 | B89: SEDOP 270220 | C89: LIMPEZA GERAL E ENTREGA DA OBRA | D89: M² | E89: ='MEMÓRIA DE CÁLCULO'!D182 -> 189.85 | F89: 5.74 | G89: =((F89*$J$12)+F89) -> 7.4046 | H89: =F89*E89 -> 1089.739 | I89: 1141.0308 | J89: INCLUSO
A90: 16003000 | B90: SEDOP 260188 | C90: MASTRO FO.GO. SOBRE BASE DE CONCRETO - 3 UM | D90: CJ | E90: ='MEMÓRIA DE CÁLCULO'!D184 -> 1 | F90: 1808.84 | G90: =((F90*$J$12)+F90) -> 2333.4036 | H90: =F90*E90 -> 1808.84 | I90: 1825.6209 | J90: INCLUSO
A91: 16004000 | B91: SEDOP 260651 | C91: MURETA EM ALVENARIA, REBOCADA E PINTADA 2 FACES (H=1.0m) | D91: M | E91: ='MEMÓRIA DE CÁLCULO'!D187 -> 110 | F91: 275.21 | G91: =((F91*$J$12)+F91) -> 355.0209 | H91: =F91*E91 -> 30273.1 | I91: =E91*G91 -> 39052.299 | J91: INCLUSO
A92: 16005000 | B92: SEDOP 261526 | C92: CERCA COM MOURÃO EM CONCRETO E TELA DE ARAME GALVANIZADO h=2,0m | D92: M | E92: ='MEMÓRIA DE CÁLCULO'!D189 -> 110 | F92: 115.36 | G92: =((F92*$J$12)+F92) -> 148.8144 | H92: =F92*E92 -> 12689.6 | I92: =E92*G92 -> 16369.584 | J92: INCLUSO
A93: TOTAL GERAL | H93: =H87+H84+H79+H74+H71+H66+H63+H41+H36+H31+H27+H25+H23+H20+H17+H14 -> 221500.55 | I93: =I87+I84+I79+I74+I71+I66+I63+I41+I36+I31+I27+I25+I23+I20+I17+I14 -> 287433.44

Sheet CRONOGRAMA
A7: PROPRIETÁRIO: MUNICÍPIO DE ITAITUBA | D7: =ORÇAMENTO!H7 -> DATA DA EXPEDIÇÃO: 09/09/2020
A8: =ORÇAMENTO!A8 -> OBRA: ESCOLA MUNICIPAL DE ENSINO FUNDAMENTAL INDEPENDÊNCIA I.
A9: =ORÇAMENTO!A9 -> LOCAL DA OBRA: MARGEM ESQUERDA DO RIO TAPAJÓS, COMUNIDADE INDEPENDÊNCIA I. | D9: =ORÇAMENTO!H8 -> VALOR DA OBRA: | G9: =ORÇAMENTO!I93 -> 287433.44
A11: CRONOGRAMA FÍSICO-FINANCEIRO DETALHADO
A13: ITEM | B13: DISCRIMINAÇÃO DOS SERVIÇOS | C13: UNID. | D13: % | E13: DIAS | F13: DIAS | G13: DIAS | H13: DIAS
E14: 30 | F14: 60 | G14: 90 | H14: 120
A15: 1000000 | B15: SERVIÇOS PRELIMINARES | C15: =ORÇAMENTO!I14 -> 2321.3212 | D15: =ROUND(C15/$C$47,5) -> 0.00808 | E15: 1
E16: =C15*$E$15 -> 2321.3212
A17: 2000000 | B17: MOVIMENTO DE TERRA | C17: =ORÇAMENTO!I17 -> 1224.2409 | D17: =ROUND(C17/$C$47,5) -> 0.00426 | E17: 1
E18: =C17*$E$17 -> 1224.2409
A19: 3000000 | B19: FUNDAÇÃO | C19: =ORÇAMENTO!I20 -> 17304.851 | D19: =ROUND(C19/$C$47,5) -> 0.0602 | E19: 1
E20: =C19*$E$19 -> 17304.851
A21: 4000000 | B21: ESTRUTURA | C21: =ORÇAMENTO!I23 -> 20693.025 | D21: =ROUND(C21/$C$47,5) -> 0.07199 | E21: 0.6 | F21: 0.4
E22: =C21*$E$21 -> 12415.815 | F22: =C21*$F$21 -> 8277.21
A23: 5000000 | B23: IMPERMEABILIZAÇÃO | C23: =ORÇAMENTO!I25 -> 4179.8322 | D23: =ROUND(C23/$C$47,5) -> 0.01454 | E23: 1
E24: =C23*$E$23 -> 4179.8322
A25: 6000000 | B25: PAREDES E PAINÉIS | C25: =ORÇAMENTO!I27 -> 12502.641 | D25: =ROUND(C25/$C$47,5) -> 0.0435 | E25: 0.3 | F25: 0.7
E26: =C25*$E$25 -> 3750.7924 | F26: =C25*$F$25 -> 8751.8488
A27: 7000000 | B27: REVESTIMENTO | C27: =ORÇAMENTO!I31 -> 24416.536 | D27: =ROUND(C27/$C$47,5) -> 0.08495 | E27: 0.3 | F27: 0.3 | G27: 0.4
E28: =C27*$E$27 -> 7324.9608 | F28: =C27*$F$27 -> 7324.9608 | G28: =C27*$G$27 -> 9766.6144
A29: 8000000 | B29: PAVIMENTAÇÃO | C29: =ORÇAMENTO!I36 -> 27667.977 | D29: =ROUND(C29/$C$47,5) -> 0.09626 | F29: 0.5 | G29: 0.5
F30: =C29*$F$29 -> 13833.989 | G30: =C29*$G$29 -> 13833.989
A31: 9000000 | B31: INSTALAÇÕES | C31: =ORÇAMENTO!I41 -> 39500.121 | D31: =ROUND(C31/$C$47,5) -> 0.13742 | F31: 0.4 | G31: 0.6
F32: =C31*$F$31 -> 15800.049 | G32: =C31*$G$31 -> 23700.073
A33: 10000000 | B33: FORRO | C33: =ORÇAMENTO!I63 -> 16294.627 | D33: =ROUND(C33/$C$47,5) -> 0.05669 | G33: 0.4 | H33: 0.6
G34: =C33*$G$33 -> 6517.8507 | H34: =C33*$H$33 -> 9776.7761
A35: 11000000 | B35: ESQUADRIAS | C35: =ORÇAMENTO!I66 -> 15307.284 | D35: =ROUND(C35/$C$47,5) -> 0.05326 | F35: 0.3 | G35: 0.3 | H35: 0.4
F36: =C35*$F$35 -> 4592.1852 | G36: =C35*$G$35 -> 4592.1852 | H36: =C35*$H$35 -> 6122.9136
A37: 12000000 | B37: PINTURA | C37: =ORÇAMENTO!I71 -> 9044.8866 | D37: =ROUND(C37/$C$47,5) -> 0.03147 | F37: 0.2 | G37: 0.3 | H37: 0.5
F38: =C37*$F$37 -> 1808.9773 | G38: =C37*$G$37 -> 2713.466 | H38: =C37*$H$37 -> 4522.4433
A39: 13000000 | B39: LOUÇAS E METAIS | C39: =ORÇAMENTO!I74 -> 4327.7307 | D39: =ROUND(C39/$C$47,5) -> 0.01506 | H39: 1
H40: =C39*$H$39 -> 4327.7307
A41: 14000000 | B41: COBERTURA | C41: =ORÇAMENTO!I79 -> 32033.351 | D41: =ROUND(C41/$C$47,5) -> 0.11145 | E41: 0.35 | F41: 0.65
E42: =C41*$E$41 -> 11211.673 | F42: =C41*$F$41 -> 20821.678
A43: 15000000 | B43: COMBATE A INCENDIO | C43: =ORÇAMENTO!I84 -> 1440.2076 | D43: =ROUND(C43/$C$47,5) -> 0.00501 | H43: 1
H44: =C43*$H$43 -> 1440.2076
A45: 16000000 | B45: DIVERSOS | C45: =ORÇAMENTO!I87 -> 59174.803 | D45: =ROUND(C45/$C$47,5) -> 0.20587 | E45: 0.2 | F45: 0.2 | G45: 0.2 | H45: 0.4
E46: =C45*$E$45 -> 11834.961 | F46: =C45*$F$45 -> 11834.961 | G46: =C45*$G$45 -> 11834.961 | H46: =C45*$H$45 -> 23669.921
A47: TOTAL | C47: =SUM(C15:C46) -> 287433.44 | D47: =SUM(D15:D46) -> 1.00001
A48: PARCIAL SIMPLES R$ | E48: =E16+E18+E20+E22+E24+E26+E28+E30+E32+E34+E36+E38+E40+E42+E44+E46 -> 71568.446 | F48: =F16+F18+F20+F22+F24+F26+F28+F30+F32+F34+F36+F38+F40+F42+F44+F46 -> 93045.858 | G48: =G16+G18+G20+G22+G24+G26+G28+G30+G32+G34+G36+G38+G40+G42+G44+G46 -> 72959.138 | H48: =H16+H18+H20+H22+H24+H26+H28+H30+H32+H34+H36+H38+H40+H42+H44+H46 -> 49859.992
A49: PERCENTUAIS SIMPLES % | E49: =E48/$C$47 -> 0.24899138 | F49: =F48/$C$47 -> 0.32371272 | G49: =G48/$C$47 -> 0.25382969 | H49: =H48/$C$47 -> 0.17346622
A50: PARCIAIS ACUMULADOS R$ | E50: =E48 -> 71568.446 | F50: =E50+F48 -> 164614.3 | G50: =F50+G48 -> 237573.44 | H50: =G50+H48 -> 287433.44
A51: PERCENTUAIS ACUMULADOS % | E51: =E49 -> 0.24899138 | F51: =E51+F49 -> 0.57270409 | G51: =F51+G49 -> 0.82653378 | H51: =G51+H49 -> 1

Sheet CUSTO UNITÁRIO
A7: PROPRIETÁRIO: MUNICÍPIO DE ITAITUBA | D7: DATA DA VISTORIA:xxx | F7: =ORÇAMENTO!H7 -> DATA DA EXPEDIÇÃO: 09/09/2020
A8: =CRONOGRAMA!A9 -> LOCAL DA OBRA: MARGEM ESQUERDA DO RIO TAPAJÓS, COMUNIDADE INDEPENDÊNCIA I. | F8: VALOR DA OBRA: | G8: =ORÇAMENTO!I93 -> 287433.44
A9: TABELA SINAPI/PA - 07/2020 SEDOP/PA - 04/2020 COM DESONERAÇÃO | D9: B.D.I (29,00%)
A11: 1.1. 011340 - PLACA DA OBRA EM LONA COM PLOTAGEM GRÁFICA - m²
A12: MATERIAL | C12: FONTE | D12: UNID | E12: COEFICENTE | F12: PREÇO UNITÁRIO | G12: TOTAL
A13: D00475 | B13: Lona com plotagem de gráfica | C13: SEDOP | D13: M² | E13: 1 | F13: 87.5 | G13: =E13*F13 -> 87.5
A14: D00281 | B14: Pernamanca 3" x 2" 4 m - madeira branca | C14: SEDOP | D14: Dz | E14: 0.41 | F14: 145 | G14: =E14*F14 -> 59.45
A15: D00084 | B15: Prego 1 1/2"x13 | C15: SEDOP | D15: Kg | E15: 0.1 | F15: 9.55 | G15: =E15*F15 -> 0.955
A16: 88261 | B16: CARPINTEIRO COM ENCARGOS COMPLEMENTARES | C16: SEDOP | D16: H | E16: 0.4 | F16: 17.94 | G16: =E16*F16 -> 7.176
A17: 88316 | B17: SERVENTE COM ENCARGOS COMPLEMENTARES | C17: SEDOP | D17: H | E17: 0.4 | F17: 14.36 | G17: =E17*F17 -> 5.744
F18: VALOR S/ LEI | G18: =SUM(G13:G17) -> 160.825
F19: ENCARGOS: H:86,22% OU M:47,52% | G19: 0
F20: TOTAL C/ ENCARGOS S/ BDI | G20: =SUM(G18:G19) -> 160.825
A21: 1.2. 010009 -LOCAÇÃO DA OBRA A TRENA- m²
A22: MATERIAL | C22: FONTE | D22: UNID | E22: COEFICENTE | F22: PREÇO UNITÁRIO | G22: TOTAL
A23: D00081 | B23: Prego 2 1/2"x10 | C23: SEDOP | D23: Kg | E23: 0.003 | F23: 8.38 | G23: =E23*F23 -> 0.02514
A24: D00043 | B24: Arame recozido No. 18 | C24: SEDOP | D24: Kg | E24: 0.002 | F24: 8.5 | G24: =E24*F24 -> 0.017
A25: D00281 | B25: Pernamanca 3" x 2" 20 pls - madeira branca | C25: SEDOP | D25: Dz | E25: 0.01 | F25: 145 | G25: =E25*F25 -> 1.45
A26: D00016 | B26: Tábua de madeira branca 4m | C26: SEDOP | D26: Dz | E26: 0.01 | F26: 70 | G26: =E26*F26 -> 0.7
A27: D00238 | B27: Linha de nylon no. 80 | C27: SEDOP | D27: Rl | E27: 0.01 | F27: 7.98 | G27: =E27*F27 -> 0.0798
A28: 88261 | B28: CARPINTEIRO COM ENCARGOS COMPLEMENTARES | C28: SEDOP | D28: H | E28: 0.07 | F28: 17.94 | G28: =E28*F28 -> 1.2558
A29: 88316 | B29: SERVENTE COM ENCARGOS COMPLEMENTARES | C29: SEDOP | D29: H | E29: 0.05 | F29: 14.36 | G29: =E29*F29 -> 0.718
F30: VALOR S/ LEI | G30: 4.26
F31: ENCARGOS: H:86,22% OU M:47,52% | G31: 0
F32: TOTAL C/ ENCARGOS S/ BDI | G32: =G30+G31 -> 4.26
A33: 2.1. 030010 -Escavação manual ate 1.50m de profundidade- m³
A34: MATERIAL | C34: FONTE | D34: UNID | E34: COEFICENTE | F34: PREÇO UNITÁRIO | G34: TOTAL
A35: 88316 | B35: SERVENTE COM ENCARGOS COMPLEMENTARES | C35: SEDOP | D35: H | E35: 3 | F35: 14.36 | G35: =F35*E35 -> 43.08
F36: VALOR S/ LEI | G36: =SUM(G35) -> 43.08
F37: ENCARGOS: H:86,22% OU M:47,52% | G37: 0
F38: TOTAL C/ ENCARGOS S/ BDI | G38: =SUM(G36+G37) -> 43.08
A39: 2.2. 030011 -Aterro c/ material fora da obra, incl. Apiloamento- m³
A40: MATERIAL | C40: FONTE | D40: UNID | E40: COEFICENTE | F40: PREÇO UNITÁRIO | G40: TOTAL
A41: M00006 | B41: Compactador de solo CM-13 | C41: SEDOP | D41: Hp | E41: 0.3 | F41: 11.06 | G41: =E41*F41 -> 3.318
A42: J00001 | B42: Aterro arenoso | C42: SEDOP | D42: M³ | E42: 1.25 | F42: 38 | G42: =E42*F42 -> 47.5
A43: 88316 | B43: SERVENTE COM ENCARGOS COMPLEMENTARES | C43: SEDOP | D43: H | E43: 3 | F43: 14.36 | G43: =E43*F43 -> 43.08
F44: VALOR S/ LEI | G44: =SUM(G41:G43) -> 93.898
F45: ENCARGOS: H:86,22% OU M:47,52% | G45: 0
F46: TOTAL C/ ENCARGOS S/ BDI | G46: =SUM(G44+G45) -> 93.898
A47: 3.1. 040283 -Bloco em concreto armado p/ fundaçao (incl. forma)- m³
A48: MATERIAL | C48: FONTE | D48: UNID | E48: COEFICENTE | F48: PREÇO UNITÁRIO | G48: TOTAL
A49: 50036 | B49: Forma c/ madeira branca | C49: SEDOP | D49: M² | E49: 12 | F49: 84.76 | G49: =E49*F49 -> 1017.12
A50: 50037 | B50: Desforma | C50: SEDOP | D50: M² | E50: 12 | F50: 4.31 | G50: =E50*F50 -> 51.72
A51: 50038 | B51: Armação p/ concreto | C51: SEDOP | D51: KG | E51: 60 | F51: 8.5 | G51: =E51*F51 -> 510
A52: 50259 | B52: Concreto c/ seixo Fck= 20 MPA (incl. preparo e lançamento) | C52: SEDOP | D52: M³ | E52: 1 | F52: 610.84 | G52: =E52*F52 -> 610.84
F53: VALOR S/ LEI | G53: =SUM(G49:G52) -> 2189.68
F54: ENCARGOS: H:86,22% OU M:47,52% | G54: 0
F55: TOTAL C/ ENCARGOS S/ BDI | G55: =SUM(G53+G54) -> 2189.68
A56: 3.2. 040284 - Baldrame em concreto armado c/ cinta de amarração - M³
A57: MATERIAL | C57: FONTE | D57: UNID | E57: COEFICENTE | F57: PREÇO UNITÁRIO | G57: TOTAL
A58: 50036 | B58: Forma c/ madeira branca | C58: SEDOP | D58: M² | E58: 12 | F58: 84.76 | G58: =E58*F58 -> 1017.12
A59: 50037 | B59: Desforma | C59: SEDOP | D59: M² | E59: 12 | F59: 4.31 | G59: =E59*F59 -> 51.72
A60: 50038 | B60: Armação p/ concreto | C60: SEDOP | D60: UND | E60: 45 | F60: 8.5 | G60: =E60*F60 -> 382.5
A61: 50259 | B61: Concreto c/ seixo Fck= 20 MPA (incl. preparo e lançamento) | C61: SEDOP | D61: M³ | E61: 1 | F61: 610.84 | G61: =E61*F61 -> 610.84
F62: VALOR S/ LEI | G62: =SUM(G58:G61) -> 2062.18
F63: ENCARGOS: H:86,22% OU M:47,52% | G63: 0
F64: TOTAL C/ ENCARGOS S/ BDI | G64: =G62+G63 -> 2062.18
A65: 4.1. 050766 - Concreto armado fck=20MPA c/ forma mad. branca- m³
A66: MATERIAL | C66: FONTE | D66: UNID | E66: COEFICENTE | F66: PREÇO UNITÁRIO | G66: TOTAL
A67: 50036 | B67: Forma c/ madeira branca | C67: SEDOP | D67: M² | E67: 12 | F67: 84.76 | G67: =E67*F67 -> 1017.12
A68: 50037 | B68: Desforma | C68: SEDOP | D68: M² | E68: 12 | F68: 4.31 | G68: =E68*F68 -> 51.72
A69: 50038 | B69: Armação p/ concreto | C69: SEDOP | D69: KG | E69: 80 | F69: 8.5 | G69: =E69*F69 -> 680
A70: 50740 | B70: Concreto c/ seixo Fck= 20MPA (incl. preparo e lançamento) | C70: SEDOP | D70: M³ | E70: 1 | F70: 610.84 | G70: =E70*F70 -> 610.84
F71: VALOR S/ LEI | G71: =SUM(G67:G70) -> 2359.68
F72: ENCARGOS: H:86,22% OU M:47,52% | G72: 0
F73: TOTAL C/ ENCARGOS S/ BDI | G73: =G71 -> 2359.68
A74: 5.1. 080293 - IMPERMEABILIZAÇÃO PARA BALDRAME (IGOL 2 + SIKA 1) - m²
A75: MATERIAL | C75: FONTE | D75: UNID | E75: COEFICENTE | F75: PREÇO UNITÁRIO | G75: TOTAL
A76: I00004 | B76: Igol 2 | C76: SEDOP | D76: L | E76: 0.4 | F76: 16.66 | G76: =E76*F76 -> 6.664
A77: 80273 | B77: Reboco impermeabilizante (c/ Sika 1) | C77: SEDOP | D77: M² | E77: 1.05 | F77: 37.8 | G77: =E77*F77 -> 39.69
A78: 88310 | B78: PINTOR COM ENCARGOS COMPLEMENTARES | C78: SEDOP | D78: H | E78: 0.3 | F78: 19.14 | G78: =E78*F78 -> 5.742
A79: 88316 | B79: SERVENTE COM ENCARGOS COMPLEMENTARES | C79: SEDOP | D79: H | E79: 0.3 | F79: 14.36 | G79: =E79*F79 -> 4.308
F80: VALOR S/ LEI | G80: =SUM(G76:G79) -> 56.404
F81: ENCARGOS: H:86,22% OU M:47,52% | G81: 0
F82: TOTAL C/ ENCARGOS S/ BDI | G82: =G80 -> 56.404
A83: 6.1. 87478 - ALVENARIA DE VEDAÇÃO DE BLOCOS CERÂMICOS FURADOS NA VERTICAL DE 9X19X3 9CM (ESPESSURA 9CM) DE PAREDES COM ÁREA LÍQUIDA MAIOR OU IGUAL A 6M² S EM VÃOS E ARGAMASSA DE ASSENTAMENTO COM PREPARO MANUAL. - m²
A84: MATERIAL | C84: FONTE | D84: UNID | E84: COEFICENTE | F84: PREÇO UNITÁRIO | G84: TOTAL
A85: 34557 | B85: TELA DE ACO SOLDADA GALVANIZADA/ZINCADA PARA ALVENARIA, FIO D = *1,20 A 1,70* MM, MALHA 15 X 15 MM, (C X L) *50 X 7,5* CM | C85: SINAPI | D85: M | E85: 0.42 | F85: 1.56 | G85: 0.65
A86: 37395 | B86: PINO DE ACO COM FURO, HASTE = 27 MM (ACAO DIRETA) | C86: SINAPI | D86: CENTO | E86: 0.005 | F86: 34.13 | G86: =E86*F86 -> 0.17065
A87: 37592 | B87: BLOCO CERAMICO DE VEDACAO COM FUROS NA VERTICAL, 9 X 19 X 39 CM - 4,5 MPA (NBR 15270) | C87: SINAPI | D87: UND | E87: 13.35 | F87: 1.26 | G87: =E87*F87 -> 16.821
A88: 87369 | B88: ARGAMASSA TRAÇO 1:2:8 (CIMENTO, CAL E AREIA MÉDIA) PARA EMBOÇO/MASSA ÚNICA /ASSENTAMENTO DE ALVENARIA DE VEDAÇÃO, PREPARO MANUAL. | C88: SINAPI | D88: M³ | E88: 0.0104 | F88: 600.52 | G88: 6.24
A89: 88309 | B89: PEDREIRO COM ENCARGOS COMPLEMENTARES | C89: SINAPI | D89: H | E89: 0.48 | F89: 20.08 | G89: 9.63
A90: 88316 | B90: SERVENTE COM ENCARGOS COMPLEMENTARES | C90: SINAPI | D90: H | E90: 0.24 | F90: 15.84 | G90: =E90*F90 -> 3.8016
F91: TOTAL C/ ENCARGOS S/ BDI | G91: =SUM(G85:G90) -> 37.31325
A92: 6.2. 93183 - VERGAS PRÉ-MOLDADAS PARA JANELAS COM MAIS DE 1,50M DE VÃO. - m
A93: MATERIAL | C93: FONTE | D93: UNID | E93: COEFICENTE | F93: PREÇO UNITÁRIO | G93: TOTAL
A94: 2692 | B94: DESMOLDANTE PROTETOR PARA FORMAS DE MADEIRA, DE BASE OLEOSA EMULSIONADA EM AGUA | C94: SINAPI | D94: L | E94: 0.007 | F94: 6.35 | G94: =E94*F94 -> 0.04445
A95: 39017 | B95: ESPACADOR / DISTANCIADOR CIRCULAR COM ENTRADA LATERAL, EM PLASTICO, PARA VERGALHAO *4,2 A 12,5* MM, COBRIMENTO 20 MM | C95: SINAPI | D95: UND | E95: 6 | F95: 0.13 | G95: =E95*F95 -> 0.78
A96: 87294 | B96: ARGAMASSA TRAÇO 1:2:9 (CIMENTO, CAL E AREIA MÉDIA) PARA EMBOÇO/MASSA ÚNICA /ASSENTAMENTO DE ALVENARIA DE VEDAÇÃO, PREPARO MECÂNICO COM BETONEIRA 600 L | C96: SINAPI | D96: M³ | E96: 0.0019 | F96: 475.94 | G96: =E96*F96 -> 0.904286
A97: 88309 | B97: PEDREIRO COM ENCARGOS COMPLEMENTARES | C97: SINAPI | D97: H | E97: 0.068 | F97: 20.08 | G97: 1.36
A98: 88316 | B98: SERVENTE COM ENCARGOS COMPLEMENTARES | C98: SINAPI | D98: H | E98: 0.094 | F98: 15.84 | G98: 1.48
A99: 92270 | B99: FABRICAÇÃO DE FÔRMA PARA VIGAS, COM MADEIRA SERRADA, E = 25 MM | C99: SINAPI | D99: M² | E99: 0.217 | F99: 68.68 | G99: =E99*F99 -> 14.90356
A100: 92793 | B100: CORTE E DOBRA DE AÇO CA-50, DIÂMETRO DE 8,0 MM, UTILIZADO EM ESTRUTURAS DIVERSAS, EXCETO LAJES | C100: SINAPI | D100: KG | E100: 0.79 | F100: 6.21 | G100: 4.9
A101: 94970 | B101: CONCRETO FCK = 20MPA, TRAÇO 1:2,7:3 (CIMENTO/ AREIA MÉDIA/ BRITA 1) - PREPARO MECÂNICO COM BETONEIRA 600 L. | C101: SINAPI | D101: M³ | E101: 0.024 | F101: 399.24 | G101: =E101*F101 -> 9.58176
F102: TOTAL C/ ENCARGOS S/ BDI | G102: 33.94
A103: 6.3. 93184 - VERGAS PRÉ-MOLDADAS PARA PORTAS COM MAIS DE 1,50M DE VÃO. - m
A104: MATERIAL | C104: FONTE | D104: UNID | E104: COEFICENTE | F104: PREÇO UNITÁRIO | G104: TOTAL
A105: 2692 | B105: DESMOLDANTE PROTETOR PARA FORMAS DE MADEIRA, DE BASE OLEOSA EMULSIONADA EM AGUA | C105: SINAPI | D105: L | E105: 0.005 | F105: 6.35 | G105: =E105*F105 -> 0.03175
A106: 39017 | B106: ESPACADOR / DISTANCIADOR CIRCULAR COM ENTRADA LATERAL, EM PLASTICO, PARA VERGALHAO *4,2 A 12,5* MM, COBRIMENTO 20 MM | C106: SINAPI | D106: UND | E106: 6 | F106: 0.13 | G106: =E106*F106 -> 0.78
A107: 87294 | B107: ARGAMASSA TRAÇO 1:2:9 (CIMENTO, CAL E AREIA MÉDIA) PARA EMBOÇO/MASSA ÚNICA /ASSENTAMENTO DE ALVENARIA DE VEDAÇÃO, PREPARO MECÂNICO COM BETONEIRA 600 L | C107: SINAPI | D107: M³ | E107: 0.0019 | F107: 475.94 | G107: =E107*F107 -> 0.904286
...

Sheet ORÇAMENTO SIMPLES
A7: LOCAL DA OBRA: RODOVIA TRANSAMAZÔNICA KM 17 - COMUNIDADE BOA VISTA | D7: DATA LEVANTAMENTO: 28/05/2019
A9: LEVANTAMENTO DE METRAGEM DE SERVIÇOS
A10: ITEM | B10: DISCRIMINAÇÃO DOS SERVIÇOS | C10: UNID | D10: QUANT | E10: PREÇO | F10: TOTAL
A12: 1.0
A13: 1.1 | B13: PLACA DA OBRA EM LONA COM PLOTAGEM GRÁFICA | C13: m² | D13: ='MEMÓRIA DE CÁLCULO'!D13 -> 6.16
A14: 1.4 | B14: LOCAÇÃO DA OBRA A TRENA | C14: m² | D14: ='MEMÓRIA DE CÁLCULO'!D15 -> 189.85
A15: 2.0 | B15: MOVIMENTO DE TERRA:
A16: 2.1 | B16: Escavação manual ate 1.50m de profundidade (Blocos e viga) | C16: m³ | D16: 9.15
A17: 2.2 | B17: Aterro c/ material fora da obra, incl. Apiloamento | C17: m³ | D17: 2.74
A18: 3.0 | B18: FUNDAÇÃO:
A19: 3.1 | B19: Bloco em concreto armado p/ fundaçao (incl. forma) | C19: m³ | D19: =#REF! -> #REF!
A20: 3.2 | B20: Baldrame em concreto armado c/ cinta de amarração | C20: m³ | D20: =#REF! -> #REF!
A21: 4.0 | B21: ESTRUTURA:
A22: 4.1 | B22: Concreto armado fck=25MPA c/ forma mad. branca | C22: m³ | D22: 5.72
A23: 5.0 | B23: IMPERMEABILIZAÇÃO:
A24: 5.1 | B24: Impermeabilização rebaixos banho./coz.(tinta asfaltica) (bloco e baldrame) | C24: m² | D24: 61.26
A25: 6.0 | B25: PAREDES E PAINEIS
A26: 6.2 | B26: ALVENARIA DE VEDAÇÃO DE BLOCOS CERÂMICOS DE 9X19X39CM E ARGAMASSA DE ASSENTAMENTO COM PREPARO MANUAL | C26: m² | D26: =#REF! -> #REF!
A27: 6.3 | B27: VERGAS PRÉ-MOLDADAS PARA JANELAS COM MAIS DE 1,50M DE VÃO. | C27: m | D27: ='MEMÓRIA DE CÁLCULO'!D44 -> 15.9
A28: 6.4 | B28: VERGAS PRÉ-MOLDADAS PARA PORTAS COM ATÉ 1,50M DE VÃO. | C28: m | D28: ='MEMÓRIA DE CÁLCULO'!D46 -> 7.5
A29: 7.0 | B29: REVESTIMENTO:
A30: 7.1 | B30: CHAPISCO DE CIMENTO E AREIA NO TRAÇO 1:3 | C30: m² | D30: ='MEMÓRIA DE CÁLCULO'!D49 -> 291.24
A31: 7.2 | B31: REBOCO COM ARGAMASSA 1:6:ADIT. PLAST. | C31: m² | D31: ='MEMÓRIA DE CÁLCULO'!D51 -> 195.39
A32: 7.3 | B32: AZULEJO BRANCO ASSENTADO A PRUMO NO TRAÇO 1:5:1 | C32: m² | D32: ='MEMÓRIA DE CÁLCULO'!D54 -> 95.85
A33: 8.0 | B33: PAVIMENTAÇÃO:
A34: 8.1 | B34: CAMADA IMPERMEABILIZADORA E=10CM C/ SEIXO | D34: =#REF! -> #REF!
A35: 8.3 | B35: CIMENTADO QUEIMADO | C35: m² | D35: =#REF! -> #REF!
A36: 8.4 | B36: CALÇADA(INCL. ALICERCE, BALDRME E CONCRETO C/ JUNTA SECA | C36: m² | D36: =#REF! -> #REF!
A37: 8.2 | B37: LAJOTA CERAMICA - PEI IV - (PADRÃO MÉDIO) | C37: m² | D37: ='MEMÓRIA DE CÁLCULO'!#REF! -> #REF!
A38: 9.0 | B38: INSTALAÇÕES:
A39: 9.1 | B39: ELÉTRICA:
A40: 9.1.1 | B40: PONTO ILUMINAÇÃO RESIDENCIAL INCLUINDO INTERRUPTOR SIMPES, CAIXA ELÉTRICA, ELETRODUTO, CABO, RASGO, QUEBRA E CHUMBAMENTO. ( EXCLUINDO LUMINÁRIA E LAMPADA). AF 01/2016 | C40: UND | D40: ='MEMÓRIA DE CÁLCULO'!D73 -> 25
A41: 9.1.2 | B41: PONTO DE TOMADA RESIDENCIAL INCLUINDO TOMADA 20A/250V, CAIXA ELÉTRICA, ELETRODUTO, CABO, RASGO, QUEBRA E CHUMBAMENTO. AF_01/2016. | C41: UND | D41: ='MEMÓRIA DE CÁLCULO'!D75 -> 17
A42: 9.1.4 | B42: QUADRO DE DISTRIBUIÇÃO DE ENERGIA DE EMBUTIR, EM CHAPA METÁLICA, PARA 50 DISJUNTORES TERMOMAGNETICOS MONOPOLARES, COM BARRAMENTO TRIFÁSICO E NEUTRO, FORNECIMENTO E INSTALAÇÃO. | C42: UND | D42: ='MEMÓRIA DE CÁLCULO'!D77 -> 1
A43: 9.1.5 | B43: HASTE DE AÇO COBREADA 5/8"x2,40m C/ CONECTOR | C43: UND | D43: ='MEMÓRIA DE CÁLCULO'!D78 -> 5
A44: 9.1.6 | B44: VENTILADOR DE TETO | C44: UND | D44: ='MEMÓRIA DE CÁLCULO'!D81 -> 6
A45: 9.1.7 | B45: QUADRO DE MEDIÇÃO TRIFÁSICO (C/ DISJUNTOR) | C45: UND | D45: ='MEMÓRIA DE CÁLCULO'!D83 -> 1
A46: 9.1.8 | B46: ='MEMÓRIA DE CÁLCULO'!B84 -> CAIXA DE PASSAGEM DE ALVENARIA 40x40x40cm C/ TAMPA DE CONCRETO | C46: UND | D46: ='MEMÓRIA DE CÁLCULO'!D85 -> 1
A47: 9.1.9 | B47: ='MEMÓRIA DE CÁLCULO'!B86 -> ELETRODUTO FºGº 3/4" | C47: M | D47: ='MEMÓRIA DE CÁLCULO'!D87 -> 145
A48: 9.1.10 | B48: ='MEMÓRIA DE CÁLCULO'!B88 -> ELETRODUTO FºGº 1" | C48: M | D48: ='MEMÓRIA DE CÁLCULO'!D89 -> 10
A49: 9.1.11 | B49: ='MEMÓRIA DE CÁLCULO'!B90 -> ISOLADOR DE PLASTICO, TIPO ROLDANA, D= 72x72MM, PARA USO EM BAIXA TENSÃO. | C49: UND | D49: =#REF! -> #REF!
A50: 9.2 | B50: HIDROSANITÁRIA:
A51: 9.2.1 | B51: PONTOS DE ESGOTO (INCL. TUBOS, CONEXÕES, CAIXA E RALOS) | C51: PTS | D51: =#REF! -> #REF!
A52: 9.2.2 | B52: PONTOS DE ÁGUA FRIA (INCL. TUBOS E CONEXÕES) | C52: PTS | D52: =#REF! -> #REF!
A53: 8.2.3 | B53: FOSSA SÉPTICA EM ALVENARIA DE TIJOLO CERÂMICO MACIÇO, DIMENSÕES EXTERNAS DE 1,90X1,10X1,40 M, VOLUME DE 1.500 LITROS, REVESTIDO INTERNAMENTECOM MASSA ÚNICA E IMPERMEABILIZANTE E COM TAMPA DE CONCRETO ARMADO COM ESPESSURA DE 8 CM. | C53: UND | D53: =#REF! -> #REF!
A54: 8.2.4 | B54: SUMIDOURO EM ALVENARIA DE TIJOLO CERAMICO MACIÇO DIAMETRO 1,40M E ALTURA 5,00M, COM TAMPA EM CONCRETO ARMADO DIAMETRO 1,60M E ESPESSURA 10CM. | C54: UND | D54: =#REF! -> #REF!
A55: 9.2.5 | B55: CAIXA DE GORDURA SIMPLES EM CONCRETO PRE-MOLDADO DN 40MM COM TAMPA - FORNECIMENTO E INSTALACAO | C55: UND | D55: =#REF! -> #REF!
A56: 9.2.6 | B56: CAIXA DE INSPEÇÃO EM ALVENARIA DE TIJOLO MACIÇO 60X60X60CM, REVESTIDA INTERNAMENTO COM BARRA LISA (CIMENTO E AREIA, TRAÇO 1:4) E=2,0CM, COM TAMPA PRÉ-MOLDADA DE CONCRETO E FUNDO DE CONCRETO 15MPA TIPO C | C56: UND | D56: ='MEMÓRIA DE CÁLCULO'!#REF! -> #REF!
A57: 10.0 | B57: FORRO:
A58: 10.1 | B58: BARROTEAMENTO EM MADEIRA DE LEI P/ FORRO PVC. | C58: m² | D58: =#REF! -> #REF!
A59: 10.2 | B59: FORRO EM LAMBRI DE PVC, FRISADO, BRANCO, RÉGUA DE 20 CM. | C59: m² | D59: =#REF! -> #REF!
A60: 11.0 | B60: ESQUADRIAS:
A61: 11.1 | B61: PORTA MAD. COMPENSA. C/ CAIX. ADUELA E ALIZAR | C61: m² | D61: ='MEMÓRIA DE CÁLCULO'!D132 -> 16.575
A62: 11.2 | B62: JANELA DE ALUMÍNIO DE CORRER COM VIDROS E FERRAGENS | C62: m² | D62: ='MEMÓRIA DE CÁLCULO'!D128 -> 12.15
A63: 12.0 | B63: PINTURA:
A64: 11.1 | B64: APLICAÇÃO MANUAL DE PINTURA COM TINTA LÁTEX PVA EM PAREDES, DUAS DEMÃOS. | C64: m² | D64: 346
A65: 12.2 | B65: PVA EXTERNA SEM MASSA, COM LIQUIDO PREPARADO. | C65: m² | D65: ='MEMÓRIA DE CÁLCULO'!D145 -> 195.39
A66: 13.0 | B66: LOUÇAS E METAIS:
A67: 13.1 | B67: BACIA SANITÁRIA (VASO) COM CAIXA ACOPLADA,DE LOUÇA BRANCA. | C67: UND | D67: ='MEMÓRIA DE CÁLCULO'!D149 -> 2
A68: 13.2 | B68: LAVATÓRIO DE LOUÇA, C/ COLUNA, TORNEIRA, SIFÃO E VALVULA. | C68: UND | D68: 2
A69: 13.3 | B69: Pia 01 cuba em aço inox c/torn.,sifao e valv.(1,50m) | C69: UND | D69: 3
A70: 13.4 | B70: Chuveiro em PVC | C70: UND | D70: 2
A71: 14.0 | B71: COBERTURA:
A72: 14.1 | B72: COBERTURA - TELHA ALUMINIO TRAPEZOIDAL E= 0,5MM | C72: m² | D72: =#REF! -> #REF!
A73: 14.2 | B73: ESTRUTURA METÁLICA P/ COBERTURA - (INCL. PINTURA ANTI-CORROSIVA) | C73: m² | D73: =#REF! -> #REF!
A74: 14.3 | B74: ESTRUTURA EM MADEIRA DE LEI P/ TELHA DE FIBROCIMENTO - PÇ APARELHADA | C74: m² | D74: =#REF! -> #REF!
A75: 14.4 | B75: TELHA DE FIBROCIMENTO ONDULADA E = 8 MM, DE 3,66 X 1,10 M (SEM AMIANTO) | C75: m² | D75: =#REF! -> #REF!
A76: 14.5 | B76: Descupinização | C76: m² | D76: =#REF! -> #REF!
A77: 15.0 | B77: COMBATE INCENDIO:
A78: 15.1 | B78: Placa de sinalização fotoluminoscente | C78: UND | D78: 8
A79: 15.2 | B79: Extintor de incêndio (pó químico) - 12 kg | C79: UND | D79: 2
A80: 16.0 | B80: DIVERSOS:
A81: 16.1 | B81: BARRA EM AÇO - PNE | C81: m² | D81: =#REF! -> #REF!
A82: 16.4 | B82: TELA DE ACO SOLDADA NERVURADA CA-60 | C82: m² | D82: =#REF! -> #REF!
A83: 16.5 | B83: MASTRO FO.GO. SOBRE BASE DE CONCRETO | C83: CJ | D83: =#REF! -> #REF!

Sheet COMPOSIÇÃO DO BDI
A5: OBRA: | B5: PLANILHA ORÇAMENTÁRIA PARA A CONSTRUÇÃO DA ESCOLA MUNICIPAL DE ENSINO FUNDAMENTAL INDEPENDÊNCIA I.
A6: TOMADOR: | B6: PREFEITURA MUNICIPAL DE ITAITUBA
A7: CONTRATO:
A8: EMPREENDIMENTO: | B8: PROJETO PARA A CONSTRUÇÃO DA ESCOLA ESCOLA MUNICIPAL DE ENSINO FUNDAMENTAL INDEPENDÊNCIA I
A9: PROGRAMA: | B9: PLANO DE TRABALHO
A10: MODALIDADE: | B10: CONSTRUÇÃO
A11: GESTOR: | B11: VALMIR CLIMACO DE AGUIAR
A12: Cálculo do BDI Fórmula e parâmetros estabelecidos pelo Acórdão 2622/2013 - TCU - Plenário
A14: DEMONSTRATIVO BDI | F14: LIMITE RECOMENDADOS
A15: ITENS | C15: SIGLAS | D15: VALORES | F15: INFERIOR | G15: SUPERIOR
A16: TAXA DE RATEIO DA ADMINISTRAÇÃO CENTRAL | C16: AC | D16: 0.03 | F16: 0.03 | G16: 0.055
A17: TAXA DE GARANTIA DO EMPREENDIMENTO | C17: G | D17: 0.004 | F17: 0.004 | G17: 0.005
A18: TAXA DE SEGURO | C18: S | D18: 0.004 | F18: 0.004 | G18: 0.005
A19: TAXA DE RISCO | C19: R | D19: 0.0097 | F19: 0.0097 | G19: 0.0127
A20: Sub-Total | D20: =SUM(D16:D19) -> 0.0477
A21: TAXA DE DESPESAS FINANCEIRAS | C21: DF | D21: 0.006 | F21: 0.0059 | G21: 0.0139
A22: TAXA DE LUCRO | C22: L | D22: 0.063 | F22: 0.0616 | G22: 0.0896
A23: TAXA DE TRIBUTOS | B23: PIS (geralmente 0,65%) | C23: I | D23: 0.0065 | F23: VARIÁVEL
B24: COFINS (geralmente 3,00%) | D24: 0.03
B25: ISS (legislação municipal) | D25: 0.05
B26: CPRB (INSS) | D26: 0.045
A27: TAXA TOTAL DE IMPOSTO I | D27: =SUM(D23:D26) -> 0.1315
A29: BDI RESULTANTE | D29: =((1+D20)*(1+D21)*(1+D22)/(1-D27)-1) -> 0.29002571 | F29: 0.25 | G29: 0.3
A31: Fórmula para o cálculo do B.D.I. ( benefícios e despesas indiretas )
A32: BDI = ((1+AC+S+R+G)(1+DF)(1+L)/(1-I))-1
